 Dungeon Crawl Stone Soup version 0.27-a0-1532-gca18f49f40 (webtiles) character file.

Game seed: 13072547964664595754

1 Spaninq the Sneak (level 1, 0/20 HPs)
             Began as a Hill Orc Delver on July 12, 2021.
             Succumbed to an adder's poison
             ... on level 3 of the Dungeon.
             The game lasted 00:02:26 (469 turns).

Spaninq the Sneak (Hill Orc Delver)                  Turns: 469, Time: 00:02:27

Health: 0/20       AC:  3    Str: 14    XL:     1   Next: 20%
Magic:  1/1        EV: 11    Int: 10    God:
Gold:   26         SH:  0    Dex: 12    Spells: 0/0 levels left

rFire    . . .     SeeInvis .   a - +0 hand axe
rCold    . . .     Faith    .   (no shield)
rNeg     . . .     Spirit   .   b - +0 leather armour
rPois    .         Reflect  .   (no helmet)
rElec    .         Harm     .   (no cloak)
rCorr    .         Rampage  .   (no gloves)
Will     .....                  (no boots)
Stlth    ++........             (no amulet)
HPRegen  0.06/turn              (no ring)
MPRegen  0.07/turn              (no ring)

@: lethally poisoned (0 -> -4), attractive
A: no striking features
a: no special abilities


You were on level 3 of the Dungeon.
You visited 1 branch of the dungeon, and saw 3 of its levels.

You collected 26 gold pieces.

Inventory:

Hand Weapons
 a - a +0 hand axe (weapon)
Armour
 b - a +0 leather armour (worn)
Scrolls
 c - a scroll of fog
 d - a scroll of magic mapping
 e - a scroll of fear
Potions
 f - a potion of haste


   Skills:
 + Level 3.6 Fighting
 * Level 2.8 Axes
 + Level 0.1 Armour
 - Level 1.5 Dodging
 - Level 4.1 Stealth


You couldn't memorise any spells.
You didn't know any spells.
Your spell library was empty.

Dungeon Overview and Level Annotations

Branches:
Dungeon (5/15)
 Temple: D:4-7

Altars:

Annotations:
D:5 2 runed translucent doors, Nausicaa's ghost, amateur VSTm


Message History

You kill the hobgoblin!
There is a stone staircase leading down here.
You see here a hobgoblin corpse.
You start resting.
HP restored.
A gnoll comes into view. It is wielding a +0 spear.
An adder comes into view.
A gnoll comes into view. It is wielding a +0 flail.
Found a long sword.
The adder hisses angrily.
You barely miss the adder. The adder bites you. x2
You hit the adder.
The adder is heavily wounded.
The adder misses you.
You miss the adder.
The adder is heavily wounded.
The adder bites you.
You are poisoned.
The adder poisons you! The adder barely misses you.
You barely miss the adder.
The adder is heavily wounded.
You feel sick. The adder bites you.
You hit the adder.
The adder is severely wounded.
You feel sick. The adder misses you. The adder bites you.
* * * LOW HITPOINT WARNING * * *
You are lethally poisoned!
The adder poisons you!
You miss the adder.
The adder is severely wounded.
* * * LOW HITPOINT WARNING * * *
You feel sick. The adder bites you but does no damage.
It was a potion of attraction.
You feel attractive to monsters.
* * * LOW HITPOINT WARNING * * *
You feel sick. The adder barely misses you.
The adder bites you but does no damage.
You hit the adder.
You kill the adder!
You die...

# ##. ##...
#.....###########
.......@........#
#.....####.#.##>#
..... #........#
.... #.#.#.#..#
... #.#.#.#..# #.
#.#.#.#..# .
#.#.#$#..#
#.#.#.#..#
#........#


There were no monsters in sight!

Vanquished Creatures
  An adder (D:3)
  A hobgoblin (D:3)
2 creatures vanquished.

Notes
Turn   | Place    | Note
-------+----------+-------------------------------------------
     0 | D:5      | Spaninq the Hill Orc Delver began the quest for the Orb.
     0 | D:5      | Reached XP level 1. HP: 19/19 MP: 1/1
    64 | D:5      | Found a large runed translucent door.
    67 | D:5      | Found a large runed translucent door.
    69 | D:5      | Noticed Nausicaa's ghost (amateur VSTm)
   152 | D:5      | Noticed an iguana
   187 | D:4      | Noticed a wyvern
   247 | D:4      | Noticed a black bear
   468 | D:3      | HP: 1/20 [poisoned by an adder]
   469 | D:3      | Succumbed to an adder's poison

Illustrated notes

Levels and vault maps discovered:
D:3:      layout_loops_corners, vehumet_altar_wand_db,
          nicolae_qazlal_style_of_elements
D:4:      layout_cave_pods, nicolae_hepliaklqana_hippocampus, zin_treasury,
          nicolae_ru_sacrificial_ziggurat, uniq_blork_the_orc, uniq_pikel
D:5:      layout_loops_corners, nicolae_overflow_crystal_walls,
          minmay_temple_entry_trees, ebering_ghost_disaster_area

Action                   || total
-------------------------++-------
Melee: Hand axe          ||    12
Evoke: Wand              ||     3
  Use: Potion            ||     1
Armor: Leather armour    ||     2
Dodge: Dodged            ||    10

Table legend: (Time is in decaauts)
 A = Elapsed time spent in this place.
 B = Non-inter-level travel time spent in this place.
 C = Inter-level travel time spent in this place.
 D = Time resting spent in this place.
 E = Time spent auto-exploring this place.
 F = Levels seen in this place.
 G = Mean time per level.
                   A        B        C        D        E       F      G
               +--------+--------+--------+--------+--------+-----+--------+
         Total |    471 |    438 |     33 |    146 |     31 |   3 |  157.0 |
       Dungeon |    471 |    438 |     33 |    146 |     31 |   3 |  157.0 |
               +--------+--------+--------+--------+--------+-----+--------+

Top non-repeatable levels by time:
     D:5: 245 daAuts
     D:3: 186 daAuts
     D:4: 39 daAuts
